 Dungeon Crawl Stone Soup version 0.26.0-7-g794d0892b4 (webtiles) character file.

Game seed: 2781242352792990718

35 scsoc the Ogre Mage (level 3, -1/31 HPs)
             Began as an Ogre Hedge Wizard on Jan 12, 2021.
             Slain by an adder (2 damage)
             ... on level 2 of the Dungeon.
             The game lasted 00:03:14 (1511 turns).

scsoc the Ogre Mage (Ogre Hedge Wizard)             Turns: 1511, Time: 00:03:14

Health: -1/31      AC:  3    Str: 14    XL:     3   Next: 35%
Magic:  1/8        EV: 10    Int: 16    God:
Gold:   101        SH:  0    Dex:  8    Spells: 9/10 levels left

rFire    . . .     SeeInvis .   d - -1 short sword (curse)
rCold    . . .     Faith    .   (no shield)
rNeg     . . .     Spirit   .   b - +0 robe
rPois    .         Reflect  .   c - +0 hat
rElec    .         Harm     .   (no cloak)
rCorr    .         Rampage  .   (gloves unavailable)
Will     .....                  (boots unavailable)
Stlth    ++........             (no amulet)
HPRegen  0.10/turn              f - ring of wizardry (curse)
MPRegen  0.11/turn              (no ring)

@: lethally poisoned (-1 -> -5)
A: large, unfitting armour, tough skin 1
a: no special abilities


You were on level 2 of the Dungeon.
You visited 1 branch of the dungeon, and saw 2 of its levels.

You collected 101 gold pieces.

Inventory:

Hand Weapons
 a - a +0 dagger
 d - a cursed -1 short sword (weapon)
Armour
 b - a +0 robe (worn)
 c - a +0 hat (worn)
Jewellery
 f - a cursed ring of wizardry (left hand)
 h - an uncursed ring of protection from cold {unknown}
Scrolls
 e - a scroll of blinking
Potions
 g - a potion of degeneration {unknown}
 i - a potion of attraction {unknown}


   Skills:
 + Level 2.0 Dodging
 + Level 1.8 Stealth
 + Level 4.4 Spellcasting
 + Level 1.3 Conjurations
 + Level 0.8 Summonings
 + Level 0.8 Translocations


You had 9 spell levels left.
You knew the following spells:

 Your Spells              Type           Power        Failure   Level
a - Magic Dart            Conj           28%          4%          1

Your spell library contained the following spells:

 Spells                   Type           Power        Failure   Level
 Blink                    Tloc           N/A          7%          2
 Call Imp                 Summ           6%           7%          2
 Slow                     Hex            3%           10%         2
 Conjure Flame            Conj/Fire      5%           16%         3
 Mephitic Cloud           Conj/Pois/Air  4%           16%         3


Dungeon Overview and Level Annotations

Branches:
Dungeon (2/15)

Altars:


Innate Abilities, Weirdness & Mutations

You are too large for most types of armour.
You have tough skin. (AC +1)


Message History

The adder is moderately wounded.
The adder bites you.
* * * LOW HITPOINT WARNING * * *
You barely miss the adder.
The adder is moderately wounded.
You feel sick. The adder misses you. The adder bites you but does no damage.
You hit the adder but do no damage.
The adder is moderately wounded.
The adder bites you.
* * * LOW HITPOINT WARNING * * *
You hit the adder.
The adder is almost dead.
* * * LOW HITPOINT WARNING * * *
You feel sick. The adder bites you.
* * * LOW HITPOINT WARNING * * *
The adder misses you.
You miss the adder.
The adder is almost dead.
The adder bites you.
You die...

##########
################........#
.........................
####......†..............
.....##.#####........####
........#####....###..#
#######.@.....##....#.#
##.S...(...##...###
....#####.####.... .###.#
#..######. .. #.#
##.....### #. .#
#####.... #. # ####.### .
..# #....# #
.....###.#### #


You could see an adder.

Vanquished Creatures
  An adder (D:2)
  A dart slug (D:1)
  A leopard gecko (D:1)
  2 goblins (D:1)
  3 hobgoblins
  2 jackals (D:2)
  2 kobolds (D:1)
  5 bats
  2 frilled lizards (D:2)
  4 rats
23 creatures vanquished.

Notes
Turn   | Place    | Note
-------+----------+-------------------------------------------
     0 | D:1      | scsoc the Ogre Hedge Wizard began the quest for the Orb.
     0 | D:1      | Reached XP level 1. HP: 16/16 MP: 5/5
   389 | D:1      | Reached XP level 2. HP: 24/24 MP: 2/6
   597 | D:1      | Reached skill level 1 in Conjurations
   626 | D:1      | Reached skill level 4 in Spellcasting
  1354 | D:2      | Reached XP level 3. HP: 31/31 MP: 5/8
  1510 | D:2      | HP: 1/31 [adder (4)]
  1511 | D:2      | Slain by an adder

Illustrated notes

Levels and vault maps discovered:
D:1:      eino_arrival_druids_welcome, layout_loops_ring, hangedman_decor_points
D:2:      layout_rooms

Skill      XL: |  1  2 |
---------------+-------+-----
Conjurations   | 1 |  1.3
Spellcasting   | 4 |  4.4
Dodging        | 2 |  2.0
Stealth        | |  1.8
Summonings     | |  0.8
Translocations | |  0.8

Action                   || total
-------------------------++-------
Melee: Dagger            ||    14
       Short sword       ||     8
 Cast: Magic Dart        ||    66
  Use: Scroll            ||     3
       Potion            ||     1
Armor: Robe              ||    10
Dodge: Dodged            ||    24
